 Dungeon Crawl Stone Soup version 0.26-a0-610-g3e9335bbc7 (webtiles) character file.

Game seed: 8530409237422017267

2474 Murumi the Skirmisher (level 9, -9/84 HPs)
             Began as a Palentonga Fighter on Sept 3, 2020.
             Was a Believer of Okawaru.
             Mangled by an orc warrior
             ... wielding a +0 glaive
              (17 damage)
             ... in a bailey.
             The game lasted 00:27:06 (6236 turns).

Murumi the Skirmisher (Palentonga Fighter)          Turns: 6236, Time: 00:27:07

Health: -9/84      AC: 12    Str: 25    XL:     9   Next: 26%
Magic:  12/12      EV:  4    Int: 11    God:    Okawaru [**....]
Gold:   216        SH: 11    Dex: 10    Spells: 8/8 levels left

rFire    + + .     SeeInvis +   l - +7 flail "Irrud" {venom, +Blink rF+ Str+2 Int+3}
rCold    . . .     Faith    .   c - +1 kite shield
rNeg     . . .     Spirit   .   n - +0 plate armour
rPois    .         Reflect  .   (no helmet)
rElec    .         Harm     .   i - +0 cloak
rCorr    .                      h - +0 pair of gloves
MR       .....                  (no barding)
Stlth    ..........             (no amulet)
HPRegen  0.24/turn              b - ring of fire
MPRegen  0.13/turn              j - ring of protection from cold

@: mighty
A: large, rugged brown scales 3, see invisible, deformed body, roll, armoured
tail
a: Rolling Charge, Heroism, Renounce Religion, Evoke Blink


You were in a bailey.
You worshipped Okawaru.
Okawaru was pleased with you.
You visited 1 branch of the dungeon, and saw 7 of its levels.
You also visited: Sewer and Bailey.

You collected 216 gold pieces.

Inventory:

Hand Weapons
 a - a +1 flail
 l - the +7 flail "Irrud" (weapon) {venom, +Blink rF+ Str+2 Int+3}
   (You found it on level 5 of the Dungeon)

   It poisons the flesh of those it strikes.
   It affects your strength (+2).
   It affects your intelligence (+3).
   It protects you from fire.
   It lets you blink.
Armour
 c - a +1 kite shield (worn)
 h - a +0 pair of gloves (worn)
 i - a +0 cloak (worn)
 n - a +0 plate armour (worn)
Jewellery
 b - a ring of fire (left hand)
 j - a ring of protection from cold (right hand)
Scrolls
 g - 2 scrolls of fog
 k - 4 scrolls of remove curse
 q - a scroll of enchant armour
Potions
 e - 3 potions of magic
 f - 9 potions of curing
 m - a potion of flight
 o - a potion of brilliance {unknown}
 p - a potion of heal wounds
 r - a potion of mutation {unknown}


   Skills:
 - Level 7.0 Fighting
 - Level 7.0 Maces & Flails
 - Level 5.0 Armour
 - Level 2.0 Dodging
 + Level 4.1 Shields
 - Level 4.0 Invocations
 - Level 2.0 Evocations


You had 8 spell levels left.
You didn't know any spells.
Your spell library contained the following spells:

 Spells                   Type           Power        Failure   Level
 Summon Small Mammal      Summ           #...         100%        1
 Call Imp                 Summ           #.......     100%        2
 Call Canine Familiar     Summ           #.......     100%        3
 Summon Guardian Golem    Hex/Summ       #.......     100%        3
 Summon Ice Beast         Ice/Summ       #.......     100%        4
 Summon Lightning Spire   Summ/Air       #.......     100%        4


Dungeon Overview and Level Annotations

Branches:
Dungeon (7/15)             Temple (0/1) D:6           Sewer (visited)
 Bailey (1/1)

Altars:
Cheibriados
Kikubaaqudgha
Okawaru
Ru
Zin

Annotations:
D:3 2 transporters


Innate Abilities, Weirdness & Mutations

You are completely covered in rugged brown scales. (AC +3, +7% HP)
You have supernaturally acute eyesight. (SInv)
Armour fits poorly on your strangely shaped body.
You can roll at foes to attack.
You have a long armoured tail.


Message History

Okay, then.
You hit the orc warrior.
You kill the orc warrior!
Okawaru accepts your kill.
Training target 5.0 for Armour reached!
Your Armour skill increases to level 5!
You need to enable at least one skill for training.
The orc warrior no longer looks unusually strong.
The orc warrior hits you from afar with a +0 glaive!
* * * LOW HITPOINT WARNING * * *
The orc warrior shoots a bolt.
The bolt hits you!
* * * LOW HITPOINT WARNING * * *
The orc warrior hits you but does no damage.
Unknown command.
You block the orc warrior's attack.
The orc warrior shoots a bolt.
You block the bolt.
The orc warrior shoots a bolt.
The bolt hits you.
* * * LOW HITPOINT WARNING * * *
The orc warrior hits you from afar with a +0 glaive!
You die...

### #########∩##
### ##.....##.∩.#
.o..
#..≈≈≈..#.(.#..≈≈≈
#.≈≈.≈≈.......≈≈o≈
+.≈ooo≈..(....≈oo.
#.≈≈o≈≈.(...o.≈≈o≈
#.@≈≈≈o.#...#..≈≈≈
##..)o.##...##....
#########∩## ####
###


You could see 4 orc warriors and 2 orcs.

Vanquished Creatures
  A hippogriff (D:7)
  Sigmund (D:6)
  Menkaure (D:4)
  3 orc warriors
  3 ogres
  A phantom (D:4)
  A centaur (D:6)
  A big kobold (Sewer)
  A scorpion (D:6)
  2 howler monkeys (D:7)
  A jelly (D:6)
  A quasit (D:7)
  A centaur zombie (D:6)
  2 orc priests (D:4)
  2 bullfrog skeletons (D:5)
  2 centaur skeletons
  A hound (D:6)
  Crazy Yiuf (D:3)
  9 orc wizards
  An iguana (D:4)
  9 worker ants
  2 hound skeletons (D:7)
  11 adders
  3 river rats (Sewer)
  A shadow imp (D:5)
  2 white imps
  2 ufetubi
  An ooze (D:4)
  An adder zombie (D:5)
  3 worms
  3 dart slugs
  2 leopard geckos
  26 orcs
  A bat skeleton (D:2)
  5 giant cockroaches
  8 goblins
  4 hobgoblins
  8 jackals
  4 quokkas
  A ball python (D:1)
  A ball python skeleton (D:2)
  5 bats
  8 frilled lizards
  16 kobolds
  6 rats
169 creatures vanquished.

Notes
Turn   | Place    | Note
-------+----------+-------------------------------------------
     0 | D:1      | Murumi the Palentonga Fighter began the quest for the Orb.
     0 | D:1      | Reached XP level 1. HP: 20/20 MP: 1/1
   204 | D:1      | Reached skill level 1 in Dodging
   217 | D:1      | Reached XP level 2. HP: 25/27 MP: 2/2
   808 | D:2      | Reached XP level 3. HP: 32/33 MP: 3/3
  1183 | D:2      | Reached XP level 4. HP: 40/40 MP: 4/4
  1497 | D:3      | Found a transporter.
  1574 | D:3      | Found a transporter.
  1965 | D:3      | Reached XP level 5. HP: 45/49 MP: 5/5
  2139 | D:3      | Found a runed translucent door.
  2140 | D:3      | Noticed Crazy Yiuf
  2275 | D:3      | Killed Crazy Yiuf
  2750 | D:4      | Reached XP level 6. HP: 28/56 MP: 6/6
  3041 | D:4      | Reached skill level 5 in Fighting
  3455 | D:4      | Noticed Menkaure
  3463 | D:4      | Reached skill level 5 in Maces & Flails
  3467 | D:4      | Killed Menkaure
  3467 | D:4      | Reached XP level 7. HP: 28/65 MP: 7/7
  4107 | D:4      | Found a snail-covered altar of Cheibriados.
  4192 | D:5      | Entered Level 5 of the Dungeon
  4433 | D:5      | Found a sacrificial altar of Ru.
  4435 | D:5      | Found an iron altar of Okawaru.
  4435 | D:5      | Found a glowing silver altar of Zin.
  4438 | D:5      | Found an ancient bone altar of Kikubaaqudgha.
  4443 | D:5      | Became a worshipper of Warmaster Okawaru
  4529 | D:5      | Got a steaming flail
  4529 | D:5      | Identified the +7 flail "Irrud" {venom, +Blink rF+ Str+2
                  | Int+3} (You found it on level 5 of the Dungeon)
  5068 | D:6      | Reached XP level 8. HP: 74/74 MP: 8/8
  5089 | D:6      | Reached skill level 1 in Invocations
  5145 | D:6      | Found a glowing drain.
  5162 | D:6      | Reached skill level 1 in Evocations
  5164 | Sewer    | Entered a sewer
  5290 | Sewer    | Found a glowing silver altar of Zin.
  5447 | D:6      | Reached * piety under Okawaru
  5495 | D:6      | Noticed Sigmund
  5519 | D:6      | Killed Sigmund
  5893 | D:6      | Found a staircase to the Ecumenical Temple.
  6027 | D:7      | Reached ** piety under Okawaru
  6070 | D:7      | Reached XP level 9. HP: 68/84 MP: 12/12
  6205 | D:7      | Found a flagged portal.
  6216 | Bailey   | Entered a bailey
  6217 | Bailey   | Noticed an orc knight
  6232 | Bailey   | HP: 3/84 [orc warrior/bolt (11)]
  6234 | Bailey   | Reached skill level 5 in Armour
  6236 | Bailey   | Mangled by an orc warrior

Illustrated notes

Levels and vault maps discovered:
D:1:      dpeg_arrival_shelter, layout_loops_corners, hangedman_decor_opposing,
          palyth_stone_intersect, minmay_pentomino_s4
D:2:      layout_rooms, serial_undead, serial_undead_b, serial_undead_e,
          serial_undead_a, serial_undead_a
D:3:      gammafunk_steamed_eel, layout_basic, uniq_crazy_yiuf_cottage
D:4:      layout_basic, kennysheep_slug_shrine,
          minmay_fractal_squares_gapless_5, uniq_menkaure
D:5:      layout_basic, grunt_temple_overflow_open
D:6:      layout_rooms, minmay_temple_entry_glassed_door,
          cheibrodos_sewer_entry_bend, uniq_sigmund
D:7:      layout_gridville, enter_bailey_2
Bailey:   bailey_polearm_4, bailey

Skill      XL: |  1  2  3  4  5  6  7  8  9 |
---------------+----------------------------+-----
Dodging        | 1 2 |  2.0
Armour         | 3 4 5 |  5.0
Shields        | 3 4 |  4.1
Maces & Flails | 3 4 5 6 7 |  7.0
Fighting       | 4 5 6 7 |  7.0
Invocations    | 4 |  4.0
Evocations     | 2 |  2.0

Action                   |  1- 3 |  4- 6 |  7- 9 || total
-------------------------+-------+-------+-------++-------
Melee: Flail             |   157 |   134 |   218 ||   509
       Tailslap          |    10 |    16 |    28 ||    54
 Abil: Rolling Charge    |    33 |    21 |    37 ||    91
  Use: Scroll            |     3 |     2 |     8 ||    13
       Potion            |       |     1 |     3 ||     4
Armor: Scale mail        |    29 |       |       ||    29
       Chain mail        |    60 |    67 |    50 ||   177
       Plate armour      |       |       |    38 ||    38
Dodge: Dodged            |    35 |    13 |    23 ||    71
Block: Kite shield       |    77 |    42 |    95 ||   214

Table legend: (Time is in decaauts)
 A = Elapsed time spent in this place.
 B = Non-inter-level travel time spent in this place.
 C = Inter-level travel time spent in this place.
 D = Time resting spent in this place.
 E = Time spent auto-exploring this place.
 F = Levels seen in this place.
 G = Mean time per level.
                   A        B        C        D        E       F      G
               +--------+--------+--------+--------+--------+-----+--------+
         Total |   6413 |   5933 |    480 |     33 |   4565 |   9 |  712.6 |
       Dungeon |   6179 |   5699 |    480 |     33 |   4408 |   7 |  882.7 |
         Sewer |    212 |    212 |      0 |      0 |    157 |   1 |  212.0 |
        Bailey |     21 |     21 |      0 |      0 |      0 |   1 |   21.0 |
               +--------+--------+--------+--------+--------+-----+--------+

Top non-repeatable levels by time:
     D:4: 1578 daAuts
     D:3: 1196 daAuts
     D:1: 886 daAuts
     D:5: 802 daAuts
     D:6: 780 daAuts
     D:2: 713 daAuts
     D:7: 222 daAuts
   Sewer: 212 daAuts
  Bailey: 21 daAuts
